Map: Ruins of Seras

Players

lIIlllllIIII (HuK) - Winner!

  • Race: Protoss Protoss
  • League: Grandmaster

Erik

  • Race: Zerg Zerg

Event: NationWars III

VOD

Have the link to the VOD?

Description

Time

  • Played on: Nov. 20, 2015, 3:12 p.m.
  • Length: 10:27
Show
View Real Time Build Order
Export as new Build Order

lIIlllllIIII Protoss - Winner!

Build Orders: 1 Gate Expand 

Get SALT Encoding   

  12  0:01  Probe (Chrono Boost)  
  13  0:11  Probe (Chrono Boost)  
  14  0:19  Pylon  
  14  0:22  Probe (Chrono Boost)  
  15  0:38  Probe (Chrono Boost)  
  15  0:39  Gateway  
  16  0:44  Assimilator  
  16  0:48  Probe (Chrono Boost)  
  17  0:59  Probe (Chrono Boost)  
  18  1:09  Probe (Chrono Boost)  
  19  1:20  Probe (Chrono Boost)  
  20  1:27  Nexus  
  20  1:34  Cybernetics Core  
  20  1:38  Probe (Chrono Boost)  
  21  1:42  Assimilator  
  21  1:48  Probe (Chrono Boost)  
  22  1:54  Pylon  
  22  1:59  Probe (Chrono Boost)  
  23  2:12  Probe (Chrono Boost)  
  23  2:13  Adept (Chrono Boost), Warp Gate  
  26  2:25  Mothership Core (Chrono Boost)  
  28  2:40  Probe (Chrono Boost)  
  30  2:44  Probe (Chrono Boost)  
  30  2:51  Probe (Chrono Boost)  
  31  2:53  Robotics Facility  
  31  2:54  Probe (Chrono Boost)  
  32  3:01  Probe (Chrono Boost)  
  32  3:03  Gateway  
  33  3:07  Gateway  
  33  3:09  Probe (Chrono Boost)  
  33  3:12  Sentry, Probe (Chrono Boost)  
  37  3:22  Gateway  
  37  3:25  Pylon  
  37  3:28  Probe (Chrono Boost)  
  37  3:29  Probe (Chrono Boost)  
  39  3:40  Warp Prism (Chrono Boost)  
  41  3:41  Probe  
  41  3:43  Probe  
  41  3:48  Pylon  
  43  3:55  Probe  
  45  3:58  Probe, Robotics Bay  
  45  4:07  Probe  
  46  4:12  Probe  
  46  4:15  Observer (Chrono Boost)  
  46  4:16  Stalker  
  50  4:20  Sentry  
  53  4:24  Probe  
  53  4:26  Pylon, Assimilator x2  
  53  4:29  Pylon  
  53  4:32  Probe, Pylon  
  53  4:36  Probe  
  55  4:43  Probe  
  56  4:50  Disruptor (Chrono Boost)  
  59  4:53  Probe  
  59  4:55  Adept  
  59  4:56  Adept x3  
  59  4:58  Probe  
  69  5:11  Probe  
  70  5:14  Stalker  
  70  5:15  Stalker  
  70  5:17  Stalker x2  
  78  5:26  Forge  
  78  5:31  Probe x2  
  62  5:43  Probe  
  62  5:47  Pylon  
  61  5:51  Stargate  
  61  5:57  Stalker x2  
  61  5:58  Stalker x2  
  61  6:00  Photon Cannon  
  68  6:21  Stalker x4  
  70  6:25  Probe x2  
  65  6:35  Phoenix (Chrono Boost)  
  65  6:39  Stargate  
  67  6:41  Pylon  
  67  6:42  Adept  
  67  6:43  Pylon  
  69  6:49  Stalker x3  
  74  6:56  Phoenix (Chrono Boost)  
  74  7:00  Gravitic Drive (Chrono Boost)  
  76  7:11  Adept x2  
  76  7:12  Adept x2  
  84  7:19  Phoenix  
  84  7:28  Phoenix  
  88  7:34  Nexus  
  88  7:43  Phoenix  
  90  7:53  Phoenix  
  90  7:58  Adept x4  
  92  8:03  Probe x2  
  94  8:15  Probe x2  
  96  8:25  Nexus  
  96  8:27  Probe  
  96  8:31  Adept x4  
  101  9:01  Stalker x2  
  101  9:02  Stalker x2  
  103  9:15  Probe  
  103  9:16  Assimilator  
  104  9:18  Assimilator  
  104  9:21  Pylon  
  104  9:24  Pylon  
  104  9:25  Pylon  
  104  9:27  Pylon  
  104  9:36  Adept x3  
  97  9:58  Adept x3  
  97  9:59  Adept  
  77  10:11  Probe  
  77  10:13  Probe  
  77  10:14  Probe  
  72  10:21  Stalker x2  
Show
View Real Time Build Order
Export as new Build Order

Erik Zerg 

Build Orders: Hatch First, Lurkers 

Get SALT Encoding   

  12  0:01  Drone  
  13  0:13  Overlord  
  13  0:18  Drone  
  14  0:31  Drone x2  
  16  0:50  Hatchery  
  16  0:54  Drone  
  16  0:56  Drone  
  17  1:00  Drone  
  18  1:04  Extractor  
  17  1:17  Spawning Pool  
  16  1:20  Drone  
  16  1:22  Drone  
  18  1:30  Drone  
  19  1:40  Overlord  
  19  1:55  Drone  
  20  2:03  Queen x2  
  20  2:04  Metabolic Boost  
  20  2:07  Zergling x2  
  25  2:10  Drone  
  25  2:14  Drone  
  27  2:18  Drone  
  28  2:23  Drone  
  28  2:25  Drone  
  30  2:33  Overlord  
  30  2:34  Drone  
  31  2:44  Drone  
  32  2:45  Lair  
  32  2:46  Drone  
  33  2:54  Zergling x2  
  33  2:57  Drone  
  35  3:01  Spine Crawler  
  35  3:05  Drone  
  35  3:07  Drone  
  35  3:08  Extractor  
  35  3:09  Extractor  
  35  3:12  Drone  
  35  3:15  Drone x4  
  35  3:16  Drone  
  40  3:20  Overlord  
  40  3:23  Drone  
  40  3:25  Extractor  
  40  3:30  Drone  
  40  3:32  Drone  
  42  3:40  Drone  
  43  3:42  Overseer  
  43  3:50  Drone, Spire  
  43  3:51  Drone x2  
  43  3:52  Drone  
  46  3:56  Overlord  
  46  3:59  Drone  
  46  4:02  Drone  
  48  4:12  Overlord  
  48  4:13  Zergling x2  
  48  4:14  Zergling x4  
  51  4:18  Overlord  
  51  4:34  Hatchery  
  50  4:42  Overlord x2  
  50  5:01  Mutalisk  
  50  5:02  Mutalisk x6  
  50  5:04  Mutalisk  
  64  5:10  Zergling x6  
  63  5:19  Zergling x2  
  63  5:20  Zergling x2  
  63  5:25  Mutalisk  
  63  5:35  Mutalisk  
  58  5:43  Drone x4  
  58  5:46  Drone  
  63  5:51  Drone  
  63  5:54  Drone  
  63  5:55  Drone  
  66  6:05  Drone x2  
  66  6:09  Overlord  
  66  6:19  Zergling x2  
  66  6:20  Zergling x6  
  70  6:27  Zergling x4  
  67  6:32  Drone  
  67  6:33  Drone  
  67  6:36  Evolution Chamber, Hydralisk Den  
  67  6:37  Queen  
  67  6:38  Queen  
  70  6:42  Drone x2  
  72  6:47  Drone  
  72  6:48  Drone  
  74  6:54  Overlord  
  74  6:57  Drone x2  
  76  7:05  Lurker Den, Zerg Melee Weapons Level 1  
  76  7:07  Drone x3  
  79  7:12  Overlord x2  
  79  7:19  Zergling x6  
  82  7:30  Zergling x6  
  82  7:36  Spine Crawler  
  84  7:37  Spine Crawler x2, Zergling x2  
  84  7:38  Spine Crawler, Zergling x4  
  80  7:55  Hydralisk  
  80  7:56  Hydralisk x5  
  83  8:01  Hydralisk  
  83  8:02  Hydralisk  
  75  8:06  Drone x2  
  77  8:15  Hydralisk  
  77  8:16  Hydralisk x3  
  86  8:23  Hydralisk x2  
  90  8:35  Lurker x2  
  90  8:37  Hydralisk  
  90  8:38  Hydralisk x3  
  100  8:43  Zergling x2  
  100  8:44  Zergling x4  
  100  8:48  Overlord  
  85  8:59  Hydralisk x2  
  74  9:03  Zergling x6  
  74  9:08  Zergling x2  
  74  9:09  Zergling x4  
  69  9:18  Hydralisk x3  
  69  9:23  Hydralisk  
  69  9:24  Hydralisk x2  
  67  9:27  Lurker x2  
  75  9:34  Spore Crawler  
  75  9:35  Zergling x6  
  69  9:47  Zergling x8  
  69  9:48  Zergling x2  
  67  9:54  Zergling x2  
  64  10:00  Hydralisk x3  
  52  10:09  Zergling x2  
Tags
 
Add a new tag
Caveats
  • Supply blocks, unpowered buildings, or Contaminate may cause inaccurate times.
  • Supply counts are checked every 10 seconds.